 Dungeon Crawl Stone Soup version 0.17.1-3-g152610e (webtiles) character file.

53 Mechanique the Magician (level 3, -2/24 HPs)
             Began as a Mummy Wizard on Mar 22, 2016.
             Slain by cada's ghost (10 damage)
             ... on level 4 of the Dungeon.
             The game lasted 00:09:54 (4091 turns).

Mechanique the Magician (Mummy Wizard)              Turns: 4091, Time: 00:09:54

Health: -2/24      AC:  2    Str: 10    XL:     3   Next: 62%
Magic:  8/8        EV:  7    Int: 18    God:
Gold:   210        SH:  0    Dex: 10    Spells: 4 memorised, 0 levels left

rFire  x . .     SeeInvis .     k - +3 dagger
rCold  + . .     Clarity  .     a - +0 robe
rNeg   + + +     SustAt   .     (no shield)
rPois  ∞         Gourm    .     b - +0 hat
rElec  .         Spirit   .     (no cloak)
rCorr  .         Warding  +     (no gloves)
rMut   .         Stasis   .     (no boots)
MR     .....                    g - amulet of warding
Stlth  ++........               (no ring)
                                (no ring)

@: not resistant to hostile enchantments, unstealthy
A: no food or potions, fire vulnerability, cold resistance 1, negative energy
resistance 3, torment resistance, unbreathing
a: no special abilities


You were on level 4 of the Dungeon.
You were not hungry.

You visited 1 branch of the dungeon, and saw 4 of its levels.

You collected 210 gold pieces.

Inventory:

Hand Weapons
 k - a +3 dagger (weapon)
Armour
 a - a +0 robe (worn)
 b - a +0 hat (worn)
 e - a +0 shield
Jewellery
 d - an uncursed ring of poison resistance {unknown}
 g - an amulet of warding (around neck)
Wands
 o - a wand of cold (6)
Scrolls
 f - 2 scrolls of fog {unknown}
 h - 2 scrolls of teleportation {unknown}
 i - a scroll of blinking {unknown}
 j - a scroll of amnesia {unknown}
 l - 3 scrolls of remove curse {unknown}
 m - a scroll of identify {unknown}
 n - a scroll of random uselessness {unknown}
Books
 c - a book of Minor Magic

   Spells                             Type                      Level
   a - Magic Dart                     Conjuration                  1
   b - Blink                          Translocation                2
   c - Call Imp                       Summoning                    2
   d - Repel Missiles                 Charms/Air                   2
   e - Slow                           Hexes                        2
   f - Conjure Flame                  Conjuration/Fire             3
   g - Mephitic Cloud                 Conjuration/Poison/Air       3


   Skills:
 - Level 1.5 Dodging
 - Level 1.5 Stealth
 + Level 3.8 Spellcasting
 + Level 1.9 Conjurations
   Level 0.7 Summonings
   Level 0.7 Translocations


You couldn't memorise any spells.
You knew the following spells:

 Your Spells              Type           Power        Failure   Level  Hunger
a - Magic Dart            Conj           ##..         10%         1    N/A
b - Mephitic Cloud        Conj/Pois/Air  #.......     34%         3    N/A
c - Slow                  Hex            #.......     28%         2    N/A
d - Conjure Flame         Conj/Fire      #.......     34%         3    N/A

Dungeon Overview and Level Annotations

Branches:
Dungeon (4/15)
 Temple: D:4-7

Altars:
Dithmenos
Elyvilon
Gozag
Yredelemnul

Annotations:
D:4 cada's ghost, novice FoFi


Innate Abilities, Weirdness & Mutations

You do not eat or drink.
Your flesh is vulnerable to fire.
You are immune to poison.
Your flesh is cold resistant.
You are immune to negative energy.
You are immune to unholy pain and torment.
You can survive without breathing.


Message History

There is a stone staircase leading down here.
You start resting.
Magic restored.
You climb downwards.
Level annotation: cada's ghost, novice FoFi Cada's ghost completely misses you.
There is a stone staircase leading up here.
You hit cada's ghost.
Cada's ghost is lightly damaged.
Cada's ghost closely misses you.
You hit cada's ghost.
Cada's ghost is lightly damaged.
Cada's ghost hits you!
Ouch! That really hurt!
You barely miss cada's ghost.
Cada's ghost is lightly damaged.
Cada's ghost barely misses you.
A quokka skeleton comes into view.
Cada's ghost hits you!
You die...

## .## #.## ..##
# #..###...##
..####..........
#..............
#...@......Z.
#.>W.........
#.####........
#. #........#
#......###
..#...## ..#
...# ..# ....
..# .##.#


You could see cada's ghost and a quokka skeleton (wandering).

Vanquished Creatures
  3 worms
  2 giant geckos
  An orc (D:3)
  4 hobgoblins
  4 jackals (D:1)
  A quokka (D:2)
  A ball python (D:2)
  3 bats
  3 giant cockroaches
  3 giant newts (D:1)
  10 goblins
  2 kobolds
  4 rats
  A spectral orc (D:2)
42 creatures vanquished.

Notes
Turn   | Place    | Note
--------------------------------------------------------------
     0 | D:1      | Mechanique the Mummy Wizard began the quest for the Orb.
     0 | D:1      | Reached XP level 1. HP: 13/13 MP: 4/4
   350 | D:1      | Reached skill level 1 in Conjurations
   569 | D:1      | Reached XP level 2. HP: 10/19 MP: 1/6
  1935 | D:2      | Found a white marble altar of Elyvilon.
  1998 | D:2      | Found a basalt altar of Yredelemnul.
  2121 | D:2      | Reached XP level 3. HP: 24/24 MP: 4/8
  2726 | D:1      | Learned a level 3 spell: Mephitic Cloud
  2729 | D:1      | Learned a level 2 spell: Slow
  2733 | D:1      | Learned a level 3 spell: Conjure Flame
  3519 | D:3      | Found an opulent altar of Gozag.
  3662 | D:3      | Found a shadowy altar of Dithmenos.
  4076 | D:4      | Noticed cada's ghost (novice FoFi)
  4091 | D:4      | Slain by cada's ghost

Action                   || total
-------------------------++-------
Melee: Whip              ||    22
       Dagger            ||    31
 Cast: Magic Dart        ||   121
       Mephitic Cloud    ||     1
